EL
TULSA DRILLERS @ PENSACOLA BLUE WAHOOS
09/10/2045
 
TOP OF THE 1ST
Tulsa Drillers batting - Pitching for Pensacola Blue Wahoos : RHP Roberto Cortez
Pitching: RHP Roberto Cortez
Batting: RHB Tony Reyna 0-0: Ball
1-0: Foul Ball, location: 2F
1-1: Ball
2-1: Fly out, F9 (Flyball, 9S, EV 85.6 MPH)
Batting: LHB Antonio Luis 0-0: Ball
1-0: Ball
2-0: Called Strike
2-1: Foul Ball, location: 2F
2-2: Strikes out swinging
Batting: SHB Rich Rubio 0-0: Ball
1-0: Ball
2-0: Called Strike
2-1: Swinging Strike
2-2: Foul Ball, location: 2F
2-2: Strikes out swinging
Top of the 1st over - 0 runs, 0 hits, 0 errors, 0 left on base; Tulsa 0 - Pensacola 0
BOTTOM OF THE 1ST
Pensacola Blue Wahoos batting - Pitching for Tulsa Drillers : RHP Willie Alvarado
Pitching: RHP Willie Alvarado
Batting: RHB Solange Le Coq 0-0: Called Strike
0-1: Ball
1-1: Ground out 5-3 (Groundball, 56, EV 82.5 MPH)
Batting: RHB Ryan Short 0-0: Ball
1-0: Swinging Strike
1-1: Ground out 6-3 (Groundball, 6, EV 93.1 MPH)
Batting: SHB Kristian Kristensen 0-0: Called Strike
0-1: Ball
1-1: Foul Ball, location: 2F
1-2: Strikes out swinging
Bottom of the 1st over - 0 runs, 0 hits, 0 errors, 0 left on base; Tulsa 0 - Pensacola 0
TOP OF THE 2ND
Tulsa Drillers batting - Pitching for Pensacola Blue Wahoos : RHP Roberto Cortez
Batting: SHB Xavier Alaniz 0-0: Foul Ball, location: 2F
0-1: Foul Ball, location: 2F
0-2: Foul Ball, location: 2F
0-2: Foul Ball, location: 2F
0-2: Foul Ball, location: 2F
0-2: Ball
1-2: Ball
2-2: Foul Ball, location: 2F
2-2: Foul Ball, location: 2F
2-2: Fly out, F2 (Popup, 25F, EV 78.8 MPH)
Batting: RHB Eddie Perry 0-0: Ball
1-0: Called Strike
1-1: Foul Ball, location: 2F
1-2: Strikes out swinging
Batting: LHB Kippy McGrath 0-0: Called Strike
0-1: Foul Ball, location: 2F
0-2: Strikes out looking
Top of the 2nd over - 0 runs, 0 hits, 0 errors, 0 left on base; Tulsa 0 - Pensacola 0
BOTTOM OF THE 2ND
Pensacola Blue Wahoos batting - Pitching for Tulsa Drillers : RHP Willie Alvarado
Batting: RHB Dusty Pollert 0-0: Ball
1-0: Ball
2-0: Ball
3-0: Base on Balls
Batting: RHB Danny Real 0-0: Fly out, F8 (Flyball, 8RM, EV 92.5 MPH)
Batting: RHB Colin Lord 0-0: Ball
Dusty Pollert steals 2nd base
1-0: Called Strike
1-1: Ball
2-1: Ball
3-1: Called Strike
3-2: Foul Ball, location: 2F
3-2: Fly out, F7 (Flyball, 7LM, EV 108.8 MPH)
Batting: RHB Steve Anderson 0-0: Ball
1-0: Foul Ball, location: 2F
1-1: Ground out 6-3 (Groundball, 6, EV 93.1 MPH)
Bottom of the 2nd over - 0 runs, 0 hits, 0 errors, 1 left on base; Tulsa 0 - Pensacola 0
TOP OF THE 3RD
Tulsa Drillers batting - Pitching for Pensacola Blue Wahoos : RHP Roberto Cortez
Batting: LHB Bobby Gambrell 0-0: Foul Ball, location: 2F
0-1: Swinging Strike
0-2: Strikes out swinging
Batting: RHB Phil Knox 0-0: Ground out 6-3 (Groundball, 56, EV 88.1 MPH)
Batting: RHB Kevin Ezell 0-0: Ball
1-0: Called Strike
1-1: Fly out, F4 (Popup, 4MD, EV 46.2 MPH)
Top of the 3rd over - 0 runs, 0 hits, 0 errors, 0 left on base; Tulsa 0 - Pensacola 0
BOTTOM OF THE 3RD
Pensacola Blue Wahoos batting - Pitching for Tulsa Drillers : RHP Willie Alvarado
Batting: RHB Reilly Hawkins 0-0: Called Strike
0-1: Ground out 4-3 (Groundball, 4, EV 85.6 MPH)
Batting: RHB Yasusaburo Kuwahara 0-0: Ball
1-0: Ball
2-0: Called Strike
2-1: Foul Ball, location: 2F
2-2: Foul Ball, location: 2F
2-2: Strikes out swinging
Batting: RHB Solange Le Coq 0-0: Ball
1-0: Called Strike
1-1: Swinging Strike
1-2: Foul Ball, location: 2F
1-2: Foul Ball, location: 2F
1-2: DOUBLE (Line Drive, 7LS, EV 88.1 MPH)
Batting: RHB Ryan Short 0-0: Ball
1-0: Foul Ball, location: 2F
1-1: Foul Ball, location: 2F
1-2: Ground out 6-3 (Groundball, 6, EV 103.1 MPH)
Bottom of the 3rd over - 0 runs, 1 hit, 0 errors, 1 left on base; Tulsa 0 - Pensacola 0
TOP OF THE 4TH
Tulsa Drillers batting - Pitching for Pensacola Blue Wahoos : RHP Roberto Cortez
Batting: RHB Tony Reyna 0-0: Foul Ball, location: 2F
0-1: Swinging Strike
0-2: Fly out, F3 (Popup, 3S, EV 78.1 MPH)
Batting: LHB Antonio Luis 0-0: Called Strike
0-1: Ball
1-1: Called Strike
1-2: Foul Ball, location: 2F
1-2: Foul Ball, location: 2F
1-2: Foul Ball, location: 2F
1-2: Strikes out swinging
Batting: SHB Rich Rubio 0-0: Foul Ball, location: 2F
0-1: Swinging Strike
0-2: Strikes out swinging
Top of the 4th over - 0 runs, 0 hits, 0 errors, 0 left on base; Tulsa 0 - Pensacola 0
BOTTOM OF THE 4TH
Pensacola Blue Wahoos batting - Pitching for Tulsa Drillers : RHP Willie Alvarado
Batting: SHB Kristian Kristensen 0-0: Ball
1-0: Ball
2-0: Ground out 4-3 (Groundball, 4, EV 103.1 MPH)
Batting: RHB Dusty Pollert 0-0: Ball
1-0: SINGLE (Groundball, 6M, EV 98.8 MPH)
Batting: RHB Danny Real 0-0: Called Strike
0-1: Ball
1-1: Reached on error, E1 (Groundball, 13S, EV 73.1 MPH)
Dusty Pollert to second
Batting: RHB Colin Lord 0-0: Ball
1-0: Ball
2-0: Foul Ball, location: 2F
2-1: Grounds into double play, 4-6-3 (Groundball, 4S, EV 88.1 MPH)
Bottom of the 4th over - 0 runs, 1 hit, 1 error, 1 left on base; Tulsa 0 - Pensacola 0
TOP OF THE 5TH
Tulsa Drillers batting - Pitching for Pensacola Blue Wahoos : RHP Roberto Cortez
Batting: SHB Xavier Alaniz 0-0: Ball
1-0: Ball
2-0: Ground out 3-1 (Groundball, 34, EV 104.4 MPH)
Batting: RHB Eddie Perry 0-0: Called Strike
0-1: Ball
1-1: Ball
2-1: Fly out, F8 (Line Drive, 8RM, EV 93.8 MPH)
Batting: LHB Kippy McGrath 0-0: Ball
1-0: Swinging Strike
1-1: Swinging Strike
1-2: Strikes out swinging passed ball, reaches first!
Batting: LHB Bobby Gambrell 0-0: Ball
1-0: Called Strike
1-1: Swinging Strike
1-2: Strikes out swinging
Top of the 5th over - 0 runs, 0 hits, 0 errors, 1 left on base; Tulsa 0 - Pensacola 0
BOTTOM OF THE 5TH
Pensacola Blue Wahoos batting - Pitching for Tulsa Drillers : RHP Willie Alvarado
Batting: RHB Steve Anderson 0-0: Ball
1-0: Ball
2-0: Called Strike
2-1: Ground out 5-3 (Groundball, 56S, EV 86.9 MPH)
Batting: RHB Reilly Hawkins 0-0: Ball
1-0: Called Strike
1-1: Swinging Strike
1-2: Foul Ball, location: 2F
1-2: Ball
2-2: Ball
3-2: Ground out U3 (Groundball, 3, EV 106.9 MPH)
Batting: RHB Yasusaburo Kuwahara 0-0: Ball
1-0: SINGLE (Groundball, 6MD, EV 102.5 MPH) (infield hit)
Batting: RHB Solange Le Coq 0-0: Ball
1-0: Foul Ball, location: 2F
1-1: Ball
2-1: Called Strike
2-2: Ball
3-2: Ground out 6-3 (Groundball, 6S, EV 84.4 MPH)
Bottom of the 5th over - 0 runs, 1 hit, 0 errors, 1 left on base; Tulsa 0 - Pensacola 0
TOP OF THE 6TH
Tulsa Drillers batting - Pitching for Pensacola Blue Wahoos : RHP Roberto Cortez
Batting: RHB Phil Knox 0-0: Ground out 6-3 (Groundball, 6, EV 103.8 MPH)
Batting: RHB Kevin Ezell 0-0: Foul Ball, location: 2F
0-1: Swinging Strike
0-2: Strikes out swinging
Batting: RHB Tony Reyna 0-0: Called Strike
0-1: Foul Ball, location: 2F
0-2: Ball
1-2: Strikes out looking
Top of the 6th over - 0 runs, 0 hits, 0 errors, 0 left on base; Tulsa 0 - Pensacola 0
BOTTOM OF THE 6TH
Pensacola Blue Wahoos batting - Pitching for Tulsa Drillers : RHP Willie Alvarado
Batting: RHB Ryan Short 0-0: Ball
1-0: Bunt for hit to 15 - play at first, batter OUT! 1-3
Batting: SHB Kristian Kristensen 0-0: Ball
1-0: Ball
2-0: Called Strike
2-1: Fly out, F8 (Flyball, 8LD, EV 98.8 MPH)
Batting: RHB Dusty Pollert 0-0: Ground out 5-3 (Groundball, 56S, EV 63.8 MPH)
Bottom of the 6th over - 0 runs, 0 hits, 0 errors, 0 left on base; Tulsa 0 - Pensacola 0
TOP OF THE 7TH
Tulsa Drillers batting - Pitching for Pensacola Blue Wahoos : RHP Roberto Cortez
Batting: LHB Antonio Luis 0-0: Ball
1-0: Ball
2-0: Called Strike
2-1: Called Strike
2-2: Foul Ball, location: 2F
2-2: Foul Ball, location: 2F
2-2: Ground out 4-3 (Groundball, 34, EV 98.8 MPH)
Batting: SHB Rich Rubio 0-0: SINGLE (Groundball, 4D, EV 107.5 MPH)
Batting: SHB Xavier Alaniz 0-0: Ball
Rich Rubio steals 2nd base
1-0: Intentional Walk
Batting: RHB Eddie Perry 0-0: Ball
Rich Rubio steals 3rd base
1-0: Ball
2-0: Grounds into double play, 4-6-3 (Groundball, 4, EV 100.0 MPH)
Top of the 7th over - 0 runs, 1 hit, 0 errors, 1 left on base; Tulsa 0 - Pensacola 0
BOTTOM OF THE 7TH
Pensacola Blue Wahoos batting - Pitching for Tulsa Drillers : RHP Willie Alvarado
Batting: RHB Danny Real 0-0: Called Strike
0-1: Ball
1-1: Ball
2-1: Called Strike
2-2: Strikes out swinging
Pitching: RHP Yuichi Nozawa
Batting: RHB Colin Lord 0-0: Ball
1-0: Ball
2-0: Ball
3-0: Called Strike
3-1: Base on Balls
Batting: RHB Steve Anderson 0-0: Grounds into double play, 4-6-3 (Groundball, 34, EV 91.2 MPH)
Bottom of the 7th over - 0 runs, 0 hits, 0 errors, 0 left on base; Tulsa 0 - Pensacola 0
TOP OF THE 8TH
Tulsa Drillers batting - Pitching for Pensacola Blue Wahoos : RHP Roberto Cortez
Batting: LHB Kippy McGrath 0-0: Called Strike
0-1: Called Strike
0-2: Strikes out swinging
Batting: LHB Bobby Gambrell 0-0: Called Strike
0-1: Swinging Strike
0-2: Ball
1-2: Strikes out looking
Pinch Hitting: LHB Mike Dickinson 0-0: Called Strike
0-1: Ball
1-1: Ball
2-1: Ball
3-1: Foul Ball, location: 2F
3-2: Foul Ball, location: 2F
3-2: Base on Balls
Pitching: RHP Gary King
Batting: RHB Kevin Ezell 0-0: Called Strike
0-1: Ball
1-1: DOUBLE (Line Drive, 78M, EV 94.4 MPH)
Mike Dickinson to third
Runner from 3rd tries for Home, SAFE, throw by LF to home
Batting: RHB Tony Reyna 0-0: Foul Ball, location: 2F
0-1: Called Strike
0-2: Strikes out swinging
Top of the 8th over - 1 run, 1 hit, 0 errors, 1 left on base; Tulsa 1 - Pensacola 0
BOTTOM OF THE 8TH
Pensacola Blue Wahoos batting - Pitching for Tulsa Drillers : RHP Yuichi Nozawa
Now at 2B: John Piccolo
Now in CF: Darius Vinson
Now in RF: Antonio Luis
Pinch Hitting: LHB Steven Wamble 0-0: Ball
1-0: Foul Ball, location: 2F
1-1: Ball
2-1: Fly out, F6 (Popup, 6M, EV 55.0 MPH)
Batting: RHB Yasusaburo Kuwahara 0-0: Ball
1-0: Swinging Strike
1-1: Foul Ball, location: 2F
1-2: Strikes out swinging
Batting: RHB Solange Le Coq 0-0: Foul Ball, location: 2F
0-1: Ground out 6-3 (Groundball, 56, EV 83.1 MPH)
Bottom of the 8th over - 0 runs, 0 hits, 0 errors, 0 left on base; Tulsa 1 - Pensacola 0
TOP OF THE 9TH
Tulsa Drillers batting - Pitching for Pensacola Blue Wahoos : RHP Gary King
Now at 1B: Steven Wamble
Batting: LHB Antonio Luis 0-0: Ball
1-0: Fly out, F6 (Line Drive, 4, EV 65.0 MPH)
Batting: SHB Rich Rubio 0-0: Ball
1-0: Foul Ball, location: 2F
1-1: Foul Ball, location: 2F
1-2: Foul Ball, location: 2F
1-2: Strikes out swinging
Batting: RHB John Piccolo 0-0: Foul Ball, location: 2F
0-1: Foul Ball, location: 2F
0-2: Ball
1-2: Ball
2-2: SOLO HOME RUN (Flyball, 8LXD, EV 113.1 MPH), Distance : 445 ft
Batting: RHB Eddie Perry 0-0: Ball
1-0: Ball
2-0: Ball
3-0: Called Strike
3-1: Base on Balls
Batting: LHB Kippy McGrath 0-0: Foul Ball, location: 2F
0-1: SINGLE (Groundball, 34D, EV 108.8 MPH) (infield hit)
Eddie Perry to second
Batting: LHB Bobby Gambrell 0-0: Foul Ball, location: 2F
0-1: Ball
Wild Pitch!
Eddie Perry to third
Kippy McGrath to second
1-1: Ball
2-1: Ball
3-1: Base on Balls
Batting: SHB Darius Vinson 0-0: Ball
1-0: Foul Ball, location: 2F
1-1: Ball
2-1: Foul Ball, location: 2F
2-2: Foul Ball, location: 2F
2-2: Foul Ball, location: 2F
2-2: Fly out, F8 (Flyball, 8LS, EV 91.2 MPH)
Top of the 9th over - 1 run, 2 hits, 0 errors, 3 left on base; Tulsa 2 - Pensacola 0
BOTTOM OF THE 9TH
Pensacola Blue Wahoos batting - Pitching for Tulsa Drillers : RHP Yuichi Nozawa
Pitching: RHP Jared Wisham
Batting: RHB Ryan Short 0-0: Called Strike
0-1: Ball
1-1: Ball
2-1: Foul Ball, location: 2F
2-2: Foul Ball, location: 2F
2-2: SINGLE (Line Drive, 56, EV 100.0 MPH)
Batting: SHB Kristian Kristensen 0-0: Ball
1-0: Ball
2-0: Ball
3-0: Called Strike
3-1: SINGLE (Line Drive, 6D, EV 100.0 MPH)
Ryan Short to second
Batting: RHB Dusty Pollert 0-0: Called Strike
0-1: Fly out, F8 (Flyball, 8RXD, EV 107.5 MPH)
Runner from 2nd tags up, SAFE at 3rd, no throw by CF
Batting: RHB Danny Real 0-0: Ball
1-0: Foul Ball, location: 2F
1-1: SINGLE (Groundball, 34D, EV 105.6 MPH)
Ryan Short scores
Kristian Kristensen to second
Runner from 2nd tries for 3rd, SAFE, throw by RF made to third
Danny Real to second
Batting: RHB Colin Lord 0-0: Ground out 6-3 (Groundball, 6, EV 93.8 MPH)
Batting: RHB Steve Anderson 0-0: Ball
1-0: Ball
2-0: Ball
3-0: Base on Balls
Batting: LHB Steven Wamble 0-0: SINGLE (Line Drive, 5D, EV 99.4 MPH)
Kristian Kristensen scores
Danny Real to third
Steve Anderson to second
Runner from 3rd tries for Home, SAFE, throw by LF to home
Bottom of the 9th over - 3 runs, 4 hits, 0 errors, 0 left on base; Tulsa 2 - Pensacola 3
Game Over ... Pensacola defeats Tulsa, 3 to 2
Wednesday, June 22nd , 2022 - OOTP Baseball 23.4 Build 64